 Dungeon Crawl Stone Soup version 0.15.0-29-ga8e3430 (webtiles) character file.

84 Psiweapon the Ruffian (level 4, 0/25 HPs)
             Began as a Gargoyle Transmuter on Sept 12, 2014.
             Slain by a gnoll (5 damage)
             ... on Level 2 of the Dungeon.
             The game lasted 00:06:25 (1947 turns).

Psiweapon the Ruffian (Gargoyle Transmuter)         Turns: 1947, Time: 00:06:25

HP   0/25        AC  5     Str 13      XL: 4   Next: 45%
MP   5/7         EV 12     Int 14      God:
Gold 79          SH  0     Dex 11      Spells:  1 memorised,  6 levels left

rFire  . . .     SeeInvis .       - Unarmed
rCold  . . .     Clarity  .     c - +0 robe
rNeg   + . .     rCorr    .     (no shield)
rPois  +         rRot     +     (helmet restricted)
rElec  +         Spirit   .     (no cloak)
SustAb .         Warding  .     (no gloves)
rMut   .         Stasis   .     (no boots)
Gourm  .                        (no amulet)
MR     .....                    (no ring)
                                f - cursed ring of poison resistance

@: appendage (expiring), very slightly contaminated, not resistant to hostile
enchantments, very unstealthy
A: horns 2, negative energy resistance 1, electricity resistance, unbreathing,
petrification resistance, rot immunity, AC +3
a: End Transformation


You were on level 2 of the Dungeon.
You were hungry.
You had grown temporary horns.
You visited 1 branch of the dungeon, and saw 2 of its levels.

You collected 79 gold pieces.

Inventory:

Hand weapons
 k - a +0 dagger of freezing
Missiles
 b - 25 arrows
 p - 9 poisoned bolts
Armour
 c - a +0 robe (worn)
Comestibles
 a - a bread ration
 g - 2 chunks of hobgoblin flesh
 n - 2 rotting chunks of worm flesh
 r - a chunk of bat flesh
 s - a slice of pizza
 t - a fruit
 v - a rotting chunk of bat flesh
 w - a rotting chunk of giant cockroach flesh
 x - a chunk of bat flesh
Scrolls
 h - a scroll of random uselessness {unknown}
 j - 3 scrolls of identify {unknown}
 m - a scroll of teleportation {unknown}
Jewellery
 f - a cursed ring of poison resistance (left hand)
Potions
 i - a potion of restore abilities {unknown}
 l - a potion of cancellation {unknown}
 o - a potion of invisibility {unknown}
 q - 2 potions of magic {unknown}
Books
 d - a book of Changes

   Spells                             Type                      Level
   *Beastly Appendage                 Transmutation                1
   Sticks to Snakes                   Transmutation                2
   Spider Form                        Transmutation/Poison         3
   Ice Form                           Ice/Transmutation            4
   Blade Hands                        Transmutation                5


   Skills:
 - Level 1.1 Fighting
 - Level 1.5 Dodging
 + Level 5.1 Unarmed Combat
 - Level 2.0 Spellcasting
 - Level 1.5 Transmutations


You had 6 spell levels left.
You knew the following spells:

 Your Spells              Type           Power        Failure   Level  Hunger
a - Beastly Appendage     Trmt           #.....       14%         1    ##.....


Dungeon Overview and Level Annotations

Branches:
Dungeon (2/15)

Altars:
Okawaru


Innate Abilities, Weirdness & Mutations

You are resistant to torment.
You are immune to poison.
Your stone body is very resilient (AC +3).
You resist negative energy.
You are resistant to electric shocks.
You can survive without breathing.
You are immune to petrification.
You are immune to rotting.
You have a pair of horns on your head.


Message History

The adder bites you.
You hit the gnoll.
The gnoll is severely wounded.
The gnoll barely misses you. The adder closely misses you.
You hit the gnoll.
The gnoll is almost dead.
The gnoll hits you. The adder barely misses you.
You barely miss the gnoll.
The gnoll is severely wounded.
The adder bites you but does no damage. The gnoll barely misses you.
You closely miss the gnoll. Your headbutt misses the gnoll.
The gnoll is severely wounded.
The adder closely misses you. The gnoll hits you.
* * * LOW HITPOINT WARNING * * *
The adder bites you.
* * * LOW HITPOINT WARNING * * *
You barely miss the gnoll.
The gnoll is severely wounded.
The gnoll hits you.
You die...

.....#.##.##.# #≈.≈K
.......##.##.##.≈.≈##
.....####.....##g.≈.
.....## ###...#.K.≈##
......# #....##≈.≈.
.[.##.# ##...# ≈.≈
...##.# ##.####'#
.#.##.# #.# #gS#
....#.# #(# #@##
......######(###(#
.............((((#
....#####.####.###
.###.# # #.# .# .#
... .###.# .#.## #...
....# ...## .. ..#


You could see a gnoll and an adder.

Vanquished Creatures
  2 adders (D:2)
  2 worms (D:2)
  3 giant geckos (D:1)
  A ball python (D:1)
  7 bats
  3 giant cockroaches
  7 goblins
  15 hobgoblins
  3 kobolds
  A quokka (D:2)
  5 rats (D:1)
49 creatures vanquished.

Notes
Turn   | Place    | Note
--------------------------------------------------------------
     0 | D:1      | Psiweapon, the Gargoyle Transmuter, began the quest for the Orb.
     0 | D:1      | Reached XP level 1. HP: 12/12 MP: 3/3
   326 | D:1      | Reached XP level 2. HP: 16/16 MP: 2/4
   694 | D:1      | Reached skill level 4 in Unarmed Combat
   839 | D:1      | Reached XP level 3. HP: 20/20 MP: 3/6
  1503 | D:2      | Reached XP level 4. HP: 21/25 MP: 5/7
  1589 | D:2      | Reached skill level 5 in Unarmed Combat
  1893 | D:2      | Found an iron altar of Okawaru.
  1947 | D:2      | Slain by a gnoll

Action                   |  1- 3 |  4- 6 || total
-------------------------+-------+-------++-------
Melee: Unarmed           |   135 |    76 ||   211
 Cast: Beastly Appendage |    26 |    12 ||    38
  Use: Potion            |       |     1 ||     1
  Eat: Chunk             |     3 |     1 ||     4
